 Dungeon Crawl Stone Soup version 0.29-a0-565-g7a16c6de65 (webtiles) character file.

Game seed: 13346704327154153534

860 Lekart the Chopper (level 7, 0/61 HPs)
             Began as a Red Draconian Chaos Knight on June 12, 2022.
             Was a Plaything of Xom.
             Slain by an ogre
             ... wielding a +0 giant club
              (24 damage)
             ... on level 5 of the Dungeon.
             The game lasted 00:06:30 (5290 turns).

Lekart the Chopper (Red Draconian Chaos Knight)     Turns: 5290, Time: 00:06:31

Health: 0/61       AC:  6    Str: 18    XL:     7   Next: 71%
Magic:  7/7        EV: 13    Int: 16    God:    Xom [......]
Gold:   298        SH:  4    Dex: 11    Spells: 6/6 levels left

rFire   + . .      SeeInvis .   a - +1 hand axe (chaos)
rCold   . . .      Faith    .   (no shield)
rNeg    . . .      Spirit   .   (body armour unavailable)
rPois   .          Reflect  .   (helmet restricted)
rElec   +          Harm     .   (no cloak)
rCorr   .          Rampage  .   (no gloves)
Will    .....                   (no boots)
Stlth   +.........              (no amulet)
HPRegen 0.20/turn               (no ring)
MPRegen 0.10/turn               (no ring)

@: short of breath, unable to read
A: breathe fire, AC +6, unfitting armour, fire resistance 1, cold-blooded,
hooves 1, large bone plates 1, clever 2, electricity resistance, strong 1,
inability to read while threatened
a: Breathe Fire, Renounce Religion


You were on level 5 of the Dungeon.
You worshipped Xom.
You were a very special plaything of Xom.
You visited 1 branch of the dungeon, and saw 5 of its levels.

You collected 298 gold pieces.

Inventory:

Hand Weapons
 a - a +1 hand axe of chaos (weapon)
Scrolls
 d - a scroll of summoning
Potions
 c - a potion of magic {unknown}
 e - a potion of resistance {unknown}
Miscellaneous
 b - a piece from Xom's chessboard (15/15)


   Skills:
 + Level 5.6 Fighting
 + Level 6.3 Axes
 + Level 0.1 Throwing
 * Level 5.0 Dodging
 + Level 1.3 Shields


You had 6 spell levels left.
You didn't know any spells.
Your spell library contained the following spells:

 Spells                   Type           Power      Damage    Failure   Level
 Sandblast                Erth           0%         2d4       26%         1
 Summon Small Mammal      Summ           0%         N/A       26%         1
 Blink                    Tloc           0%         N/A       36%         2
 Passwall                 Tmut/Erth      0%         N/A       36%         2
 Call Canine Familiar     Summ           0%         N/A       58%         3
 Portal Projectile        Hex/Tloc       0%         N/A       58%         3
 Stone Arrow              Conj/Erth      0%         3d7       58%         3
 Summon Guardian Golem    Hex/Summ       0%         N/A       58%         3
 Tukima's Dance           Hex            0%         N/A       58%         3
 Blade Hands              Tmut           0%         N/A       100%        5
 Manifold Assault         Tloc           0%         N/A       100%        5
 Storm Form               Tmut/Air       0%         N/A       100%        7


Dungeon Overview and Level Annotations

Branches:
Dungeon (5/15)
 Temple: D:4-7

Altars:
Ashenzari
Dithmenos
Elyvilon
Fedhas
Ru
Trog
Vehumet
Wu Jian

Shops:
D:1 *=   D:2 [


Innate Abilities, Weirdness & Mutations

You can breathe blasts of fire.
Your fiery red scales are hard. (AC +6)
You cannot fit into any form of body armour.
Your flesh is heat resistant. (rF+)
You are cold-blooded and may be slowed by cold attacks.
You have large cloven feet.
You are partially covered in large bone plates. (SH +4)
Your mind is very acute. (Int +4)
You are resistant to electric shocks. (rElec)
Your muscles are strong. (Str +2)
You sometimes lose the ability to read scrolls when taking damage.


Message History

There are monsters nearby!
You hit the centaur but do no damage. Lightning courses through the centaur!
Your kick misses the centaur. You tail-slap the centaur.
The centaur is severely wounded.
The centaur unwields a +0 shortbow.
The centaur hits you but does no damage.
The centaur barely misses you.
There are monsters nearby!
You hit the centaur.
The centaur is poisoned.
You kick the centaur, but do no damage. You tail-slap the centaur.
The centaur is severely wounded.
You block the centaur's attack.
The centaur kicks you but does no damage.
There are monsters nearby!
You barely miss the centaur. Your kick misses the centaur.
The centaur is almost dead.
The centaur hits you.
The centaur kicks you but does no damage.
You block the centaur's attack. The centaur barely misses you.
There are monsters nearby!
There are monsters nearby!
You hit the centaur but do no damage. You drain the centaur.
You kill the centaur!
An adder comes into view.
Your piece from Xom's chessboard (15/15) has regained one charge.
Your Dodging skill increases to level 5!
The ogre hits you with a +0 giant club!
You see here a +0 shortbow.
You are too injured to fight recklessly!
You are too injured to fight recklessly!
You are too injured to fight recklessly!
Aiming: Breathe Fire (5% risk of failure)
Press: ? - help, Shift-Dir - straight line, f - ogre
Aim: an ogre, wielding a +0 giant club (85% to hit)
You breathe a blast of fire.
The fiery breath misses the ogre.
You slash the ogre!
The ogre is moderately wounded.
The ogre is engulfed in blazing flames.
The ogre hits you with a +0 giant club!!
You die...

...#...............
...#...............#.
...#...............'
...########........#
..........'........#
...##.....#........#####
#####.....#.............
#......'.............
########.....@OS.....
#....................
#....................
#.......###'########'
####.......# ....
...#.......#.......
...+.......#........
...#.......#........
...#.......# .##...


You could see an ogre and an adder.

Vanquished Creatures
  Sigmund (D:2)
  A black bear (D:5)
  A centaur (D:5)
  3 scorpions
  2 hounds
  2 jellies
  3 iguanas
  An orc wizard (D:4)
  4 adders
  A white imp (D:4)
  4 worms
  5 orcs
  3 ball pythons
  7 endoplasms
  3 giant cockroaches
  8 goblins
  8 hobgoblins
  9 jackals
  6 kobolds
  3 quokkas
  8 bats
  3 frilled lizards (D:1)
  4 rats
90 creatures vanquished.

Vanquished Creatures (others)
  2 fungi (D:1)
  10 plants
12 creatures vanquished.

Grand Total: 102 creatures vanquished

Notes
Turn   | Place    | Note
-------+----------+-------------------------------------------
     0 | D:1      | Lekart the Draconian Chaos Knight began the quest for the
                  | Orb.
     0 | D:1      | Reached XP level 1. HP: 19/19 MP: 1/1
   133 | D:1      | Found Etyunami's General Store.
   200 | D:1      | Reached XP level 2. HP: 26/26 MP: 2/2
   256 | D:1      | XOM: silly message
   295 | D:1      | XOM: silly message
   316 | D:1      | XOM: silly message
   509 | D:1      | Found a faded altar of an unknown god.
   781 | D:1      | Found Ocsomp's Jewellery Shoppe.
   858 | D:1      | XOM: give mutations
   858 | D:1      | Gained mutation: You sometimes lose the ability to read
                  | scrolls when taking damage. [Xom's mischief]
   858 | D:1      | Gained mutation: You are weak. (Str -2) [Xom's mischief]
   858 | D:1      | Gained mutation: You are very weak. (Str -4) [Xom's
                  | mischief]
   858 | D:1      | Gained mutation: You are dopey. (Int -2) [Xom's mischief]
  1045 | D:1      | Reached XP level 3. HP: 32/33 MP: 3/3
  1305 | D:2      | Noticed Sigmund
  1318 | D:2      | Killed Sigmund
  1319 | D:2      | Reached skill level 4 in Axes
  1319 | D:2      | Reached XP level 4. HP: 38/41 MP: 4/4
  1319 | D:2      | Reached XP level 5. HP: 43/47 MP: 5/5
  1452 | D:2      | XOM: god gift: scimitar {god gift}
  1784 | D:2      | Found Sibruc's Armour Shop.
  2343 | D:2      | Lost mutation: You are very weak. (Str -4) [potion of
                  | mutation]
  2343 | D:2      | Lost mutation: You are dopey. (Int -2) [potion of mutation]
  2343 | D:2      | Lost mutation: You are weak. (Str -2) [potion of mutation]
  2343 | D:2      | Gained mutation: Your mind is acute. (Int +2) [potion of
                  | mutation]
  2343 | D:2      | Gained mutation: You are resistant to electric shocks.
                  | (rElec) [potion of mutation]
  2343 | D:2      | Gained mutation: Your spells are a little harder to cast,
                  | but a little more powerful. [potion of mutation]
  2344 | D:2      | Lost mutation: Your mind is acute. (Int +2) [potion of
                  | mutation]
  2344 | D:2      | Lost mutation: You are resistant to electric shocks.
                  | (rElec) [potion of mutation]
  2344 | D:2      | Lost mutation: Your spells are a little harder to cast, but
                  | a little more powerful. [potion of mutation]
  2344 | D:2      | Gained mutation: You are resistant to electric shocks.
                  | (rElec) [potion of mutation]
  2344 | D:2      | Gained mutation: You are partially covered in large bone
                  | plates. (SH +4) [potion of mutation]
  2379 | D:2      | XOM: cloud trail
  2385 | D:3      | Found a broken altar of Ashenzari.
  2393 | D:3      | Reached skill level 5 in Axes
  2393 | D:3      | Reached XP level 6. HP: 41/53 MP: 6/6
  2877 | D:3      | XOM: give mutations
  2877 | D:3      | Gained mutation: Your mind is acute. (Int +2) [Xom's grace]
  2877 | D:3      | Gained mutation: You have large cloven feet. [Xom's grace]
  2877 | D:3      | Gained mutation: Your mind is very acute. (Int +4) [Xom's
                  | grace]
  2877 | D:3      | Gained mutation: Your muscles are strong. (Str +2) [Xom's
                  | grace]
  3332 | D:3      | XOM: 1-stop teleportation journey
  3473 | D:4      | XOM: 3-stop teleportation journey
  3574 | D:4      | XOM: polymorph scorpion -> scorpion
  3858 | D:4      | XOM: noise
  3894 | D:4      | Reached skill level 5 in Fighting
  4222 | D:4      | Found a sacrificial altar of Ru.
  4271 | D:4      | XOM: smoke on damage
  4276 | D:4      | Your scales start taking on a fiery red colour.
  4276 | D:4      | Reached XP level 7. HP: 44/61 MP: 7/7
  4276 | D:4      | Gained mutation: Your flesh is heat resistant. (rF+) [Red
                  | Draconian growth]
  4389 | D:4      | Found a blossoming altar of Fedhas.
  4437 | D:4      | Found a shadowy altar of Dithmenos.
  4545 | D:4      | Found a bloodstained altar of Trog.
  4644 | D:4      | XOM: summons 1 hostile demon
  4782 | D:4      | Found an ornate altar of the Wu Jian Council.
  4851 | D:5      | Entered Level 5 of the Dungeon
  5037 | D:5      | Reached skill level 6 in Axes
  5037 | D:5      | Reached skill level 1 in Shields
  5061 | D:5      | Found a white marble altar of Elyvilon.
  5124 | D:5      | Found a radiant altar of Vehumet.
  5124 | D:5      | XOM: 4-stop teleportation journey
  5288 | D:5      | Reached skill level 5 in Dodging
  5290 | D:5      | Slain by an ogre

Illustrated notes

Levels and vault maps discovered:
D:1:      evilmike_arrival_hilbert_curve, layout_basic,
          dreamdust_ecumenical_altar_grove, serial_shops,
          nicolae_shop_behind_doors, shop
D:2:      layout_loops_cross, serial_shops, nicolae_shop_waterfront,
          minivault_14, uniq_sigmund
D:3:      layout_basic, ashenzari_altar_1
D:4:      layout_loops_ring, lemuel_crystal_altar, fedhas_altar_4,
          mainiacjoe_overflow_chevrons, kennysheep_little_box,
          nicolae_ru_great_annihilating_truth
D:5:      layout_gridville, old_standard_altar, nicolae_vehumet_altar_sigil

Skill      XL: |  1  2  3  4  5  6  7 |
---------------+----------------------+-----
Fighting       | 4 5 |  5.6
Axes           | 4 5 6 |  6.3
Dodging        | 3 4 5 |  5.0
Shields        | 1 |  1.3
Throwing       | |  0.1

Action                   |  1- 3 |  4- 6 |  7- 9 || total
-------------------------+-------+-------+-------++-------
Melee: Hand axe          |    54 |   218 |    40 ||   312
       Tailslap          |     1 |    30 |     9 ||    40
       Kick              |       |    18 |     9 ||    27
       Punch             |       |     1 |     1 ||     2
Throw: Javelin           |       |       |     4 ||     4
 Abil: Breathe Fire      |       |       |     4 ||     4
Evoke: Piece from Xom's  |       |       |     1 ||     1
  Use: Potion            |     3 |     6 |       ||     9
       Scroll            |       |     7 |       ||     7
 Stab: Petrifying        |       |     1 |       ||     1
       Paralysed         |       |     1 |       ||     1
       Confused          |       |     1 |       ||     1
       Sleeping          |       |       |     1 ||     1
Armor: Skin              |     9 |    72 |    10 ||    91
Dodge: Dodged            |    34 |   112 |    20 ||   166
Block: Other             |       |    23 |     7 ||    30

Table legend: (Time is in decaauts)
 A = Elapsed time spent in this place.
 B = Non-inter-level travel time spent in this place.
 C = Inter-level travel time spent in this place.
 D = Time resting spent in this place.
 E = Time spent auto-exploring this place.
 F = Levels seen in this place.
 G = Mean time per level.
                   A        B        C        D        E       F      G
               +--------+--------+--------+--------+--------+-----+--------+
         Total |   5307 |   5174 |    133 |    375 |   4095 |   5 | 1061.4 |
       Dungeon |   5307 |   5174 |    133 |    375 |   4095 |   5 | 1061.4 |
               +--------+--------+--------+--------+--------+-----+--------+

Top non-repeatable levels by time:
     D:4: 1482 daAuts
     D:1: 1254 daAuts
     D:2: 1150 daAuts
     D:3: 978 daAuts
     D:5: 440 daAuts
